 Dungeon Crawl Stone Soup version 0.26-a0-812-g31a745ddcd (webtiles) character file.

Game seed: 228869365452622754

345 loralnil the Sneak (level 6, -12/28 HPs)
             Began as a Spriggan Enchanter on Dec 7, 2020.
             Was an Initiate of Dithmenos.
             Mangled by Menkaure (18 damage)
             ... on level 4 of the Dungeon.
             The game lasted 00:07:28 (3471 turns).

loralnil the Sneak (Spriggan Enchanter)             Turns: 3471, Time: 00:07:29

Health: -12/28     AC:  2    Str:  4    XL:     6   Next: 32%
Magic:  12/13      EV: 20    Int: 18    God:    Dithmenos [......]
Gold:   238        SH:  0    Dex: 17    Spells: 7/13 levels left

rFire    . . .     SeeInvis +   j - +0 dagger (elec)
rCold    . . .     Faith    .   (shield restricted)
rNeg     + . .     Spirit   .   b - +0 robe
rPois    .         Reflect  .   (helmet restricted)
rElec    .         Harm     .   (no cloak)
rCorr    .         Rampage  .   (gloves unavailable)
MR       +....                  (boots unavailable)
Stlth    +++.......             (no amulet)
HPRegen  0.09/turn              p - ring of positive energy
MPRegen  0.13/turn              (no ring)

@: very quick
A: very small, unfitting armour, see invisible, speed 3
a: Renounce Religion


You were on level 4 of the Dungeon.
You worshipped Dithmenos.
Dithmenos was noncommittal.
You visited 2 branches of the dungeon, and saw 5 of its levels.

You collected 238 gold pieces.

Inventory:

Hand Weapons
 j - a +0 dagger of electrocution (weapon)
 o - a +1 short sword of venom
Armour
 b - a +0 robe (worn)
Jewellery
 p - a ring of positive energy (left hand)
Wands
 i - a wand of iceblast (2)
 k - a wand of polymorph (11)
 q - a wand of acid (10)
Scrolls
 d - 3 scrolls of remove curse
 e - a scroll of teleportation
 f - a scroll of enchant weapon {unknown}
 g - a scroll of magic mapping {unknown}
 m - a scroll of immolation {unknown}
Potions
 a - a potion of flight {unknown}
 c - a potion of haste
 h - 2 potions of brilliance
 l - 3 potions of heal wounds
 n - a potion of attraction


   Skills:
 + Level 3.2 Short Blades
 + Level 5.1 Dodging
 + Level 6.2 Stealth
 + Level 4.3 Spellcasting
 + Level 5.0 Hexes


You had 7 spell levels left.
You knew the following spells:

 Your Spells              Type           Power        Failure   Level
a - Corona                Hex            ###....      1%          1
b - Ensorcelled Hibernat  Hex/Ice        ##....       8%          2
c - Confusing Touch       Hex            ###.....     5%          3

Your spell library contained the following spells:

 Spells                   Type           Power        Failure   Level
 Tukima's Dance           Hex            ###.....     5%          3
 Dazzling Flash           Conj/Hex       ##....       16%         3


Dungeon Overview and Level Annotations

Branches:
Dungeon (4/15)             Temple (1/1) D:4

Altars:
Ashenzari
Cheibriados
Dithmenos
Elyvilon
Fedhas
Gozag
Hepliaklqana
Kikubaaqudgha
Makhleb
Nemelex Xobeh
Okawaru
Qazlal
Ru
Sif Muna
Trog
Uskayaw
Vehumet
Wu Jian
Xom
Yredelemnul
The Shining One

Shops:
D:4 =

Annotations:
D:4 Menkaure


Innate Abilities, Weirdness & Mutations

You are very small and have problems with some larger weapons.
You are too small for most types of armour.
You have supernaturally acute eyesight. (SInv)
You cover ground extremely quickly.


Message History

Casting: Ensorcelled Hibernation (safe; 8% risk of failure)
Confirm with . or Enter, or press ? or * to list all spells.
Aiming: Corona (safe; 1% risk of failure)
Press: ? - help, Shift-Dir - straight line, f - Menkaure
Aim: Menkaure (lightly damaged, chance to defeat MR: 62%) Menkaure is outlined in light.
You hit Menkaure but do no damage.
Menkaure is lightly damaged.
Menkaure misses you.
You hit Menkaure.
Menkaure is lightly damaged.
Menkaure completely misses you.
You hit Menkaure but do no damage.
Menkaure is lightly damaged.
Your +1 short sword of venom stops dripping with poison.
You hear the crackle of electricity.
j - a +0 dagger of electrocution (weapon)
Menkaure hits you!!
Ouch! That really hurt!
You die...

.......... #......#.....
#.. #.......
##.###.#.#.##
#..##.......###
#.....#.#.#...#
###...#.......#..
...#####...#...#.>.#...#
#.....M@.....#.......#..
###.....###....#.#.#....
##..### ##...........#
#.. ##...#.#...## #..
##........# #..
##..#....# #. #.......#
.. #........# .........


You could see Menkaure (corona).

Vanquished Creatures
  An ogre (D:3)
  A hound (D:4)
  2 orc wizards
  A worker ant (D:3)
  5 adders
  2 oozes (D:1)
  3 worms
  4 leopard geckos
  7 orcs
  A ball python (D:3)
  9 giant cockroaches
  11 goblins
  6 hobgoblins
  6 jackals
  9 kobolds
  8 bats
  7 frilled lizards
  A rat (D:2)
84 creatures vanquished.

Notes
Turn   | Place    | Note
-------+----------+-------------------------------------------
     0 | D:1      | loralnil the Spriggan Enchanter began the quest for the
                  | Orb.
     0 | D:1      | Reached XP level 1. HP: 9/9 MP: 5/5
   131 | D:1      | Reached XP level 2. HP: 7/13 MP: 2/6
   162 | D:1      | Learned a level 2 spell: Ensorcelled Hibernation
  1177 | D:1      | Reached XP level 3. HP: 16/16 MP: 8/8
  1182 | D:1      | Learned a level 3 spell: Confusing Touch
  1224 | D:2      | Reached skill level 5 in Stealth
  1777 | D:2      | Reached XP level 4. HP: 15/21 MP: 1/10
  2459 | D:3      | Reached XP level 5. HP: 18/24 MP: 0/11
  3102 | D:4      | Noticed an ogre
  3121 | D:3      | Killed an ogre
  3121 | D:3      | Reached skill level 5 in Dodging
  3121 | D:3      | Reached skill level 6 in Stealth
  3121 | D:3      | Reached XP level 6. HP: 28/28 MP: 4/13
  3214 | D:4      | Reached skill level 5 in Hexes
  3331 | D:4      | Found Cuytwet's Jewellery Shop.
  3392 | D:4      | Found a staircase to the Ecumenical Temple.
  3403 | Temple   | Entered the Ecumenical Temple
  3428 | Temple   | Became a worshipper of Dithmenos the Shadowed
  3460 | D:4      | Noticed Menkaure
  3471 | D:4      | Mangled by Menkaure

Illustrated notes

Levels and vault maps discovered:
D:1:      dpeg_arrival_refuge, layout_basic
D:2:      layout_rooms
D:3:      layout_rooms
D:4:      layout_layer_cave, minmay_temple_entry_sparse_star, serial_shops,
          shop, nicolae_shop_statue_plus, minivault_14, uniq_grinder,
          uniq_menkaure
Temple:   nicolae_temple_the_god_donut

Skill      XL: |  1  2  3  4  5  6 |
---------------+-------------------+-----
Spellcasting   | 3 4 |  4.3
Hexes          | 4 5 |  5.0
Stealth        | 5 6 |  6.2
Short Blades   | 2 3 |  3.2
Dodging        | 4 5 |  5.1

Action                   |  1- 3 |  4- 6 || total
-------------------------+-------+-------++-------
Melee: Dagger            |   108 |    58 ||   166
       Short sword       |     7 |    69 ||    76
 Cast: Corona            |    14 |     1 ||    15
       Ensorcelled Hiber |    25 |    31 ||    56
  Use: Scroll            |     2 |     5 ||     7
 Stab: Sleeping          |    18 |    26 ||    44
Armor: Robe              |     6 |    12 ||    18
Dodge: Dodged            |    96 |   133 ||   229

Table legend: (Time is in decaauts)
 A = Elapsed time spent in this place.
 B = Non-inter-level travel time spent in this place.
 C = Inter-level travel time spent in this place.
 D = Time resting spent in this place.
 E = Time spent auto-exploring this place.
 F = Levels seen in this place.
 G = Mean time per level.
                   A        B        C        D        E       F      G
               +--------+--------+--------+--------+--------+-----+--------+
         Total |   2845 |   2787 |     58 |      0 |   2175 |   5 |  569.0 |
       Dungeon |   2813 |   2755 |     58 |      0 |   2164 |   4 |  703.2 |
        Temple |     32 |     32 |      0 |      0 |     11 |   1 |   32.0 |
               +--------+--------+--------+--------+--------+-----+--------+

Top non-repeatable levels by time:
     D:1: 996 daAuts
     D:2: 804 daAuts
     D:3: 737 daAuts
     D:4: 275 daAuts
  Temple: 32 daAuts
